 Dungeon Crawl Stone Soup version 0.29.1-1-gd02db6906a (webtiles) character file.

Game seed: 14059895167666409392

13327 LabCoat the Fighter (level 12, -5/168 HPs)
             Began as a Hill Orc Fighter on Oct 11, 2022.
             Was a Believer of Trog.
             Slain by a killer bee (7 damage)
             ... on level 2 of the Lair of Beasts.
             The game lasted 00:35:58 (10422 turns).

LabCoat the Fighter (Hill Orc Fighter)             Turns: 10422, Time: 00:36:00

Health: -5/168     AC: 26    Str: 24    XL:     12   Next: 4%
Magic:  12/12      EV:  2    Int:  8    God:    Trog [**....]
Gold:   63         SH:  5    Dex: 16    Spells: 11/11 levels left

rFire   . . .      SeeInvis .   a - +1 war axe
rCold   . . .      Faith    +   c - +0 buckler
rNeg    . . .      Spirit   .   (body armour currently unavailable)
rPois   +          Reflect  .   (helmet currently unavailable)
rElec   .          Harm     .   (cloak currently unavailable)
rCorr   .          Rampage  .   (gloves currently unavailable)
Will    ++...      NoTele   +   (boots currently unavailable)
Stlth   +.........              q - amulet of faith
HPRegen 1.38/turn               h - +6 ring of dexterity
MPRegen 0.13/turn               N - +4 ring of evasion

@: lethally poisoned (-5 -> -5), tree-form (expiring), strong-willed, on berserk
cooldown, regenerating, slowed, very slow
A: stationary, stasis, torment immunity, boosted hp
a: Renounce Religion, Berserk, Trog's Hand


You were on level 2 of the Lair of Beasts.
You worshipped Trog.
Trog was pleased with you.
You were a tree.
You visited 3 branches of the dungeon, and saw 11 of its levels.

You collected 569 gold pieces.
You spent 506 gold pieces at shops.

Inventory:

Hand Weapons
 a - a +1 war axe (weapon)
 b - a +0 morningstar
Missiles
 z - 24 poisoned darts (quivered)
 L - 2 curare-tipped darts
Armour
 c - a +0 buckler (worn)
 g - a +1 pair of gloves (melded)
 n - a +0 helmet (melded)
 s - a scarf of invisibility
 w - a +2 cloak of willpower (melded)
 y - a +0 plate armour (melded)
 B - a +0 pair of boots (melded)
 I - a scarf of resistance
Jewellery
 h - a +6 ring of dexterity (left branch)
 p - a ring of willpower
 q - an amulet of faith (around neck)
 u - a ring of resist corrosion
 G - a ring of flight
 N - a +4 ring of evasion (right branch)
Wands
 v - a wand of polymorph (8)
 x - a wand of mindburst (14)
 D - a wand of iceblast (9)
 K - a wand of digging (7)
Scrolls
 d - 2 scrolls of enchant weapon
 i - a scroll of poison {unknown}
 j - a scroll of summoning
 o - 2 scrolls of enchant armour {unknown}
 A - 2 scrolls of magic mapping
 C - 2 scrolls of noise {unknown}
 E - a scroll of amnesia {unknown}
 M - a scroll of identify
 O - a scroll of fog {unknown}
Potions
 e - a potion of flight
 f - a potion of magic {unknown}
 m - a potion of resistance
 r - 2 potions of lignification
 t - 2 potions of mutation
 F - a potion of cancellation {unknown}
 H - a potion of haste {unknown}
 J - 2 potions of brilliance {unknown}
 P - a potion of ambrosia {unknown}


   Skills:
 * Level 12.2 Fighting
 + Level 10.7 Axes
 - Level 1.7 Ranged Weapons
 + Level 5.3 Throwing
 + Level 8.2 Armour
 * Level 7.3 Dodging
 - Level 3.2 Shields
 + Level 6.4 Evocations


You had 11 spell levels left.
You didn't know any spells.
Your spell library contained the following spells:

 Spells                   Type           Power      Damage    Failure   Level
 Foxfire                  Conj/Fire      0%         2x1d4     50%         1
 Slow                     Hex            0%         N/A       50%         1
 Sting                    Tmut/Pois      0%         1d3       50%         1
 Poisonous Vapours        Pois/Air       0%         N/A       65%         2
 Searing Ray              Conj           0%         2d4       65%         2
 Call Canine Familiar     Summ           0%         N/A       86%         3
 Confusing Touch          Hex            0%         N/A       86%         3
 Conjure Flame            Conj/Fire      0%         6-21      86%         3
 Inner Flame              Hex/Fire       0%         N/A       86%         3
 Mephitic Cloud           Conj/Pois/Air  0%         N/A       86%         3
 Portal Projectile        Hex/Tloc       0%         N/A       86%         3
 Vampiric Draining        Necr           0%         2d6       86%         3
 Animate Armour           Summ/Erth      0%         N/A       99%         4
 Flame Wave               Conj/Fire      0%         2d4       99%         4
 Leda's Liquefaction      Hex/Erth       0%         N/A       99%         4
 Olgreb's Toxic Radiance  Pois           0%         N/A       99%         4
 Fireball                 Conj/Fire      0%         3d3       100%        5
 Lee's Rapid Deconstruct  Erth           0%         3d5*      100%        5
 Starburst                Conj/Fire      0%         6d3       100%        6
 Statue Form              Tmut/Erth      0%         N/A       100%        6
 Ignition                 Fire           0%         3d3       100%        8


Dungeon Overview and Level Annotations

Branches:
Dungeon (8/15)             Temple (1/1) D:7            Lair (2/5) D:8
  Swamp: Lair:2-3    Shoals: Lair:2-3     Snake: Lair:2-3    Spider: Lair:2-3

Altars:
Ashenzari
Dithmenos
Fedhas
Gozag
Hepliaklqana
Makhleb
Nemelex Xobeh
Okawaru
Qazlal
Ru
Sif Muna
Trog
Uskayaw
Vehumet
Wu Jian
Xom
Yredelemnul
Zin

Shops:
D:1 [   D:2 [   D:3 !   D:5 *   D:7 [=:*[

Annotations:
D:4 2 runed translucent doors, ILYA101's ghost, amateur DrFi
Lair:1 3 runed translucent doors, duchin's ghost, journeyman HOFi


Message History

The killer bee poisons you!
Unknown command.
You miss the killer bee.
The killer bee is heavily wounded.
You slash the killer bee! x3; You hit the killer bee.
You kill the killer bee!
Trog accepts your kill.
You slash the water moccasin!
You feel sick. The killer bee stings you.
* * * LOW HITPOINT WARNING * * *
The killer bee stings you but does no damage.
You block the killer bee's attack. The killer bee completely misses you.
The water moccasin bites you but does no damage.
The killer bee stings you but does no damage. x3
The killer bee stings you.
* * * LOW HITPOINT WARNING * * *
You block the water moccasin's attack.
The killer bee stings you but does no damage. x3
The killer bee stings you.
* * * LOW HITPOINT WARNING * * *
Okay, then.
You closely miss the killer bee.
The killer bee is almost dead.
You slash the killer bee!
You kill the killer bee!
Trog accepts your kill.
You miss the killer bee. You hit the killer bee. You slash the water moccasin!
You kill the water moccasin!
Trog accepts your kill.
You feel sick.
The killer bee stings you but does no damage. x2
The killer bee barely misses you.
The killer bee stings you but does no damage. x6
Your skin crawls.
You feel strong-willed.
You feel sick.
The basilisk hisses angrily.
You block the killer bee's attack.
The killer bee stings you but does no damage.
The killer bee stings you!
You die...

.. ##. .. #.. #
..###..#.
.l......# #####
........###...P#
.......y........
.......y♣.......
.......†.y#.#...
......†..##
....../††P## .
......†....###....
#.#.#...."........
.#.#.#...........#
#.#.#.#.........##
...#.#.#.......##


You could see a basilisk and 3 killer bees.

Vanquished Creatures
  2 hydras (Lair:1)
  5 death yaks (D:8)
  A two-headed ogre (D:8)
  2 cane toads
  A rime drake (Lair:1)
  2 komodo dragons (Lair:1)
  Prince Ribbit (D:7)
  4 blink frogs
  A wyvern (Lair:2)
  9 yaks
  A steam dragon (D:8)
  A warg (D:8)
  2 water moccasins
  4 black bears
  4 ice beasts
  3 ogres
  3 wolves (Lair:2)
  3 phantoms
  2 kobold brigands (D:8)
  2 necrophages
  5 scorpions
  3 bullfrogs
  5 wights (D:7)
  15 killer bees (Lair:2)
  A howler monkey (D:4)
  A hound (D:6)
  6 orc priests
  A gnoll bouda (D:6)
  A jelly (D:5)
  3 iguanas
  Natasha (thrice) (D:3)
  3 orc wizards
  Robin (D:3)
  14 gnolls
  5 adders
  A river rat (Lair:1)
  2 shadow imps
  3 white imps
  An adder zombie (D:2)
  A dart slug (D:2)
  13 orcs
  10 ball pythons
  7 endoplasms
  4 giant cockroaches
  12 goblins
  11 hobgoblins
  7 jackals
  9 kobolds
  7 quokkas
  2 ball python skeletons (D:2)
  2 ball python zombies (D:2)
  3 bats
  A frilled lizard (D:1)
  3 rats
219 creatures vanquished.

Vanquished Creatures (collateral kills)
  2 cane toads (Lair:2)
  A komodo dragon (Lair:2)
  A killer bee (Lair:2)
4 creatures vanquished.

Vanquished Creatures (others)
  5 fungi (Lair:2)
  12 plants
17 creatures vanquished.

Grand Total: 240 creatures vanquished

Notes
Turn   | Place    | Note
-------+----------+-------------------------------------------
     0 | D:1      | LabCoat the Hill Orc Fighter began the quest for the Orb.
     0 | D:1      | Reached XP level 1. HP: 19/19 MP: 1/1
   148 | D:1      | Found Adaod's Antique Armour Emporium.
   153 | D:1      | Reached XP level 2. HP: 26/27 MP: 2/2
   272 | D:1      | Reached skill level 4 in Fighting
   651 | D:1      | Reached XP level 3. HP: 33/33 MP: 3/3
  1147 | D:2      | Found Meomaovu's Antique Armour Shoppe.
  1241 | D:2      | Reached XP level 4. HP: 41/41 MP: 4/4
  1391 | D:2      | Reached skill level 1 in Dodging
  1759 | D:3      | Found Tihon's Distillery.
  1849 | D:3      | Noticed Robin
  1869 | D:3      | Reached XP level 5. HP: 41/47 MP: 5/5
  1887 | D:3      | Killed Robin
  1888 | D:3      | Reached skill level 5 in Fighting
  2041 | D:1      | Bought a glowing scarf for 184 gold pieces
  2094 | D:3      | Found a glowing silver altar of Zin.
  2191 | D:3      | Found a faded altar of an unknown god.
  2221 | D:3      | Noticed Natasha
  2235 | D:3      | Killed Natasha
  2243 | D:3      | Noticed Natasha
  2252 | D:3      | Killed Natasha
  2290 | D:3      | Noticed Natasha
  2301 | D:3      | Killed Natasha
  2302 | D:3      | Reached XP level 6. HP: 47/56 MP: 6/6
  2533 | D:3      | Found an opulent altar of Gozag.
  2590 | D:4      | Noticed a black bear
  2597 | D:4      | Killed a black bear
  2598 | D:4      | Reached skill level 5 in Axes
  2598 | D:4      | Reached skill level 1 in Ranged Weapons
  2598 | D:4      | Reached skill level 1 in Evocations
  2848 | D:4      | Found a large runed translucent door.
  2848 | D:4      | Found a large runed translucent door.
  2853 | D:4      | Noticed ILYA101's ghost (amateur DrFi)
  2938 | D:4      | Got the Catalogue of Destructive Silt
  2988 | D:4      | Reached XP level 7. HP: 62/62 MP: 7/7
  3035 | D:4      | Reached skill level 6 in Fighting
  3170 | D:4      | Found a shadowy altar of Dithmenos.
  3170 | D:4      | Found an iron altar of Okawaru.
  3170 | D:4      | Found a burning altar of Makhleb.
  3170 | D:4      | Found a stormy altar of Qazlal.
  3177 | D:4      | Found a bloodstained altar of Trog.
  3177 | D:4      | Found a hazy altar of Hepliaklqana.
  3252 | D:4      | Became a worshipper of Trog the Wrathful
  3286 | D:5      | Entered Level 5 of the Dungeon
  3806 | D:5      | Reached XP level 8. HP: 31/71 MP: 8/8
  4050 | D:5      | Found Wiengu's CLEARANCE SALE!.
  4070 | D:5      | Bought a scroll of summoning for 66 gold pieces
  4127 | D:5      | Reached skill level 1 in Throwing
  4454 | D:5      | Reached skill level 7 in Fighting
  4454 | D:5      | Reached skill level 5 in Armour
  5207 | D:6      | Reached XP level 9. HP: 81/81 MP: 9/9
  5332 | D:6      | Reached skill level 8 in Fighting
  5356 | D:6      | Reached * piety under Trog
  5684 | D:7      | Noticed Prince Ribbit
  5722 | D:7      | Killed Prince Ribbit
  5912 | D:7      | Found Byrgho Ebez's Jewellery Shop.
  6003 | D:7      | Found Qicapl Doubb's Book Shop.
  6016 | D:7      | Found Nonat's General Store.
  6078 | D:7      | Found a shimmering blue altar of Sif Muna.
  6261 | D:7      | Found a staircase to the Ecumenical Temple.
  6270 | Temple   | Entered the Ecumenical Temple
  6516 | D:7      | Found a hide-covered altar of Uskayaw.
  6622 | D:7      | Found Iczoysog's Antique Armour Shoppe.
  6883 | D:7      | Found Meeptuf's Antique Armour Shoppe.
  7000 | D:8      | Noticed Maurice
  7003 | D:8      | Noticed Maurice
  7003 | D:8      | Maurice changed into Maurice the warg
  7004 | D:8      | Noticed a two-headed ogre
  7013 | D:8      | Killed Maurice the warg
  7014 | D:8      | Reached skill level 9 in Fighting
  7019 | D:8      | Killed a two-headed ogre
  7020 | D:8      | Reached XP level 10. HP: 76/91 MP: 10/10
  7184 | D:8      | Noticed a death yak
  7186 | D:8      | Found a staircase to the Lair.
  7186 | D:8      | Noticed a death yak
  7187 | D:8      | Noticed a death yak
  7192 | D:8      | Noticed a death yak
  7195 | D:8      | Killed a death yak
  7196 | D:8      | Reached skill level 5 in Dodging
  7198 | D:8      | Noticed a death yak
  7208 | D:8      | Killed a death yak
  7209 | D:8      | Reached skill level 10 in Fighting
  7214 | D:8      | Killed a death yak
  7215 | D:8      | Reached skill level 5 in Evocations
  7222 | D:8      | Killed a death yak
  7233 | D:8      | Killed a death yak
  7668 | D:8      | Reached XP level 11. HP: 76/101 MP: 11/11
  8020 | D:2      | Bought a runed scarf for 256 gold pieces
  8142 | Lair:1   | Entered Level 1 of the Lair of Beasts
  8152 | Lair:1   | Noticed a death yak
  8157 | Lair:1   | Found a runed translucent gate.
  8157 | Lair:1   | Found a runed translucent gate.
  8158 | Lair:1   | Found a runed translucent gate.
  8159 | Lair:1   | Noticed duchin's ghost (journeyman HOFi)
  8559 | Lair:1   | Reached ** piety under Trog
  8568 | Lair:1   | Noticed Sonja
  8569 | Lair:1   | Noticed Sonja
  8569 | Lair:1   | Sonja changed into Sonja the centaur
  8570 | Lair:1   | Noticed Sonja
  8570 | Lair:1   | Sonja the centaur changed into Sonja the river rat
  8581 | Lair:1   | Killed Sonja the river rat
  8734 | Lair:1   | Reached skill level 11 in Fighting
  8979 | Lair:1   | Reached skill level 10 in Axes
  9263 | Lair:1   | Noticed an eight-headed hydra
  9274 | Lair:1   | Killed an eight-headed hydra
  9981 | Lair:2   | Noticed a four-headed hydra
  9994 | Lair:1   | Killed a four-headed hydra
 10278 | Lair:2   | Reached skill level 5 in Throwing
 10401 | Lair:2   | Reached skill level 12 in Fighting
 10410 | Lair:2   | Reached XP level 12. HP: 14/112 MP: 12/12
 10420 | Lair:2   | HP: 8/168 [killer bee (6)]
 10420 | Lair:2   | HP: 2/168 [killer bee (6)]
 10422 | Lair:2   | Slain by a killer bee

Illustrated notes

Levels and vault maps discovered:
D:1:      minmay_arrival_three_doors, layout_loops_ring, serial_shops, shop,
          dk_noncrumbling_4, corexii_item_surrounded_by_moat,
          minmay_shallow_snake_nest
D:2:      layout_rooms, serial_shops, shop, serial_undead, serial_undead_c,
          serial_undead_d, serial_undead_a, serial_undead_f, serial_undead_c,
          serial_undead_a, guppyfry_early_lair_pool
D:3:      layout_rooms, pdpol_temple_overflow_zin_treasury_gozag_greed,
          serial_shops, shop, shapermc_ecumenical_altar_notcrosses,
          uniq_natasha, uniq_robin
D:4:      layout_basic, minmay_overflow_temple_hex, ebering_ghost_disaster_area
D:5:      cheibrodos_helix_gallery, layout_basic, hex_tiny,
          serial_bayou_lagoon_a, nicolae_shop_clearance
D:6:      layout_basic, minmay_puff
D:7:      layout_basic, mainiacjoe_overflow_alcove_1,
          mainiacjoe_overflow_24_doors, minmay_temple_entry_slanted,
          serial_shops, nicolae_shop_behind_doors, nicolae_shop_crystal, shop,
          nicolae_shop_trees, shop, uniq_prince_ribbit1
D:8:      layout_basic, dpeg_lair_monsters, serial_shops, kennysheep_mini_moat,
          kennysheep_doodads, uniq_maurice
Temple:   nicolae_temple_godpark
Lair:1:   layout_chaotic_city, gammafunk_ghost_split,
          eino_small_chamber_without_monster, uniq_sonja
Lair:2:   hangedman_what_comes_after_a, layout_chaotic_city, dummy_snake_entry

Skill      XL: |  1  2  3  4  5  6  7  8  9 10 11 |
---------------+----------------------------------+-----
Axes           | 3 4 5 6 8 9 10 | 10.7
Fighting       | 4 5 6 7 9 10 12 | 12.2
Dodging        | 1 2 3 4 5 7 |  7.3
Armour         | 4 5 6 7 8 |  8.2
Ranged Weapons | 1 |  1.7
Evocations     | 1 2 3 4 5 6 |  6.4
Throwing       | 2 3 4 5 |  5.3
Shields        | |  3.2

Action                   |  1- 3 |  4- 6 |  7- 9 | 10-12 || total
-------------------------+-------+-------+-------+-------++-------
Melee: War axe           |   109 |   146 |   219 |   204 ||   678
       Morningstar       |       |       |       |    16 ||    16
 Fire: Sling             |       |     6 |    10 |       ||    16
Throw: Dart              |       |       |    51 |    12 ||    63
Invok: Berserk           |       |       |     2 |     6 ||     8
       Trog's Hand       |       |       |       |     6 ||     6
Evoke: Wand              |       |     1 |     4 |    12 ||    17
  Use: Scroll            |     1 |     3 |     9 |     2 ||    15
       Potion            |       |     2 |     3 |     9 ||    14
Armor: Scale mail        |    14 |       |       |       ||    14
       Chain mail        |    54 |    91 |   113 |    36 ||   294
       Skin              |       |       |     9 |    61 ||    70
       Plate armour      |       |       |       |   136 ||   136
Dodge: Dodged            |    48 |    84 |    57 |   137 ||   326
Block: Buckler           |    26 |    49 |    56 |    75 ||   206
